 Dungeon Crawl Stone Soup version 0.31-a0-95-g6fa058ef04 (webtiles) character file.

Game seed: 7103734761725295456

474 IdlyInterested the Trooper (level 6, -3/55 HPs)
             Began as a Demonspawn Wanderer on May 25, 2023.
             Slain by a two-headed ogre
             ... wielding a +0 giant spiked club
              (9 damage)
             ... on level 4 of the Dungeon.
             The game lasted 00:10:32 (3031 turns).

IdlyInterested the Trooper (Demonspawn Wanderer)    Turns: 3031, Time: 00:10:33

Health: -3/55      AC: 13    Str: 18    XL:     6   Next: 84%
Magic:  7/7        EV:  7    Int: 16    God:
Gold:   177        SH:  0    Dex: 12    Spells: 6/7 levels left

rFire   . . .        f - +2 whip (drain)
rCold   . . .        (no shield)
rNeg    . . .        x - +0 chain mail
rPois   +            (no helmet)
rElec   .            r - +2 cloak
rCorr   .            (no gloves)
SInv    .            (no boots)
Will    .....        E - amulet of magic regeneration Stlth
                     d - ring of poison resistance
HPRegen 0.29/turn    u - +6 ring of strength
MPRegen 0.50/turn

%: no passive effects
@: confused
A: molten scales 1, powered by pain 2
a: no special abilities


You were on level 4 of the Dungeon.
You visited 1 branch of the dungeon, and saw 4 of its levels.

You collected 177 gold pieces.

Inventory:

Hand Weapons
 a - a +1 long sword
 f - a +2 whip of draining (weapon)
 q - a +0 short sword
 w - a +0 trident
 z - a +0 flail
 B - a +0 hand axe
 C - a +2 dagger of chaos
 G - a +0 broad axe
Missiles
 g - 25 stones (quivered)
 m - 5 poisoned darts
 A - 3 throwing nets
Armour
 c - a +0 robe
 j - a +0 ring mail
 k - a +0 leather armour
 r - a +2 cloak (worn)
 x - a +0 chain mail (worn)
Jewellery
 d - a ring of poison resistance (left hand)
 t - a ring of positive energy
 u - a +6 ring of strength (right hand)
 E - an amulet of magic regeneration (around neck)
Scrolls
 h - 2 scrolls of identify
 i - a scroll of poison {unknown}
 l - a scroll of magic mapping {unknown}
 n - a scroll of silence {unknown}
 o - a scroll of teleportation {unknown}
 s - a scroll of brand weapon {unknown}
 v - a scroll of enchant weapon
 y - 2 scrolls of vulnerability
 D - a scroll of immolation
 F - a scroll of blinking
Potions
 b - a potion of lignification
 e - a potion of haste


   Skills:
 * Level 7.2 Fighting
 - Level 1.7 Long Blades
 - Level 2.0 Throwing
 - Level 1.0 Armour
 - Level 1.0 Dodging
 - Level 1.0 Stealth
 + Level 1.0 Spellcasting
 - Level 2.0 Summonings
 - Level 2.0 Evocations


You had 6 spell levels left.
You knew the following spells:

 Your Spells              Type           Power      Damage    Failure   Level
a - Summon Small Mammal   Summ           28%        N/A       71%         1

Your spell library contained the following spells:

 Spells                   Type           Power      Damage    Failure   Level
 Slow                     Hex            0%         N/A       94%         1
 Call Canine Familiar     Summ           7%         N/A       97%         3
 Confusing Touch          Hex            0%         N/A       100%        3
 Vampiric Draining        Necr           0%         2d6       100%        3


Dungeon Overview and Level Annotations

Branches:
Dungeon (4/15)
 Temple: D:4-7

Altars:
Vehumet
Xom
Yredelemnul

Shops:
D:1 =   D:4 *

Annotations:
D:4 Ijyb


Innate Abilities, Weirdness & Mutations

You are partially covered in molten scales. (AC +2)
You sometimes gain power by taking damage.


Message History

Ijyb drinks a potion.
Ijyb is healed!
You feel less confused. Ijyb hits you but does no damage.
You closely miss Ijyb.
Ijyb is lightly wounded.
Ijyb hits you with a +0 club.
You hit Ijyb.
Ijyb is heavily wounded.
Ijyb hits you but does no damage.
You miss Ijyb.
Ijyb is heavily wounded.
Ijyb zaps a wand.
You resist with some effort.
The two-headed ogre hits you but does no damage.
The two-headed ogre hits you with a +0 giant club!
You hit Ijyb but do no damage. You drain Ijyb.
Ijyb is heavily wounded.
Ijyb zaps a wand.
Your will is overpowered!
You are confused.
The two-headed ogre hits you with a +0 giant spiked club!!
The two-headed ogre barely misses you.
You are too confused!
You closely miss Ijyb.
Ijyb is heavily wounded.
Ijyb zaps a wand.
Your will is overpowered!
You are more confused.
You closely miss Ijyb.
Ijyb is heavily wounded.
Ijyb barely misses you.
The two-headed ogre hits you with a +0 giant spiked club!!
* * * LOW HITPOINT WARNING * * *
The two-headed ogre barely misses you. Ijyb hits you but does no damage.
Unknown command.
You feel much better.
The two-headed ogre hits you with a +0 giant spiked club!!
* * * LOW HITPOINT WARNING * * *
The two-headed ogre hits you but does no damage.
Ijyb closely misses you.
You're too confused to move!
Ijyb zaps a wand.
You resist with some effort.
The two-headed ogre hits you with a +0 giant spiked club!
You die...

########## #.........
#.######## #.#..)..#. ##
#.#.###.∩. #.. ######
#.#.###... .... #....#
#........† #....##....#
#........) #........@.#
#......#.# ....##.gO.#
#.#......# . #....#
#.########
.###.#.#######.####....
.......†....[...........
..#..8..#...###.####.###
##..)##..## #.# # #..
######..# #.# #.# #..#
#.# #..


You could see a two-headed ogre and Ijyb (very drained).

Vanquished Creatures
  A scorpion (D:4)
  4 crimson imps (D:3)
  An orc priest (D:4)
  Crazy Yiuf (D:3)
  A sleepcap (D:4)
  Terence (D:2)
  4 adders
  4 gnolls (D:3)
  An ufetubus (D:4)
  2 dart slugs
  9 orcs
  6 endoplasms
  2 giant cockroaches
  8 goblins
  2 hobgoblins
  3 jackals (D:1)
  3 quokkas
  7 ball pythons
  5 bats
  A frilled lizard (D:3)
  4 kobolds
  4 rats
74 creatures vanquished.

Vanquished Creatures (others)
  An adder (D:3)
1 creature vanquished.

Grand Total: 75 creatures vanquished

Notes
Turn   | Place    | Note
-------+----------+-------------------------------------------
     0 | D:1      | IdlyInterested the Demonspawn Wanderer began the quest for
                  | the Orb.
     0 | D:1      | IdlyInterested set off with the following items: a +1 long
                  | sword, a potion of lignification, a +0 robe; and the
                  | following spell memorised: Summon Small Mammal; and the
                  | following spells available to memorise: Call Canine
                  | Familiar.
     0 | D:1      | Reached XP level 1. HP: 19/19 MP: 2/2
   107 | D:1      | Found Vulyfar's Jewellery Boutique.
   155 | D:1      | Gained mutation: You sometimes gain a little power by
                  | taking damage. [demonic ancestry]
   155 | D:1      | Reached XP level 2. HP: 26/26 MP: 3/3
   466 | D:1      | Reached skill level 1 in Armour
   887 | D:2      | Found a faded altar of an unknown god.
   892 | D:2      | Found a radiant altar of Vehumet.
   945 | D:2      | Reached XP level 3. HP: 27/31 MP: 4/4
  1077 | D:2      | Noticed Terence
  1096 | D:2      | Killed Terence
  1097 | D:2      | Reached skill level 5 in Fighting
  1097 | D:2      | Reached skill level 1 in Dodging
  1485 | D:3      | Gained mutation: You sometimes gain power by taking damage.
                  | [demonic ancestry]
  1485 | D:3      | Reached XP level 4. HP: 39/39 MP: 5/5
  1540 | D:3      | Reached skill level 1 in Throwing
  1687 | D:3      | Found a basalt altar of Yredelemnul.
  1722 | D:3      | Reached XP level 5. HP: 44/46 MP: 6/6
  1771 | D:3      | Found a runed translucent door.
  1772 | D:3      | Noticed Crazy Yiuf
  1779 | D:3      | Killed Crazy Yiuf
  1780 | D:3      | Reached skill level 1 in Evocations
  1936 | D:3      | Found a shimmering altar of Xom.
  1985 | D:3      | Reached skill level 6 in Fighting
  2012 | D:3      | Gained mutation: You are partially covered in molten
                  | scales. (AC +2) [demonic ancestry]
  2012 | D:3      | Reached XP level 6. HP: 32/53 MP: 7/7
  2740 | D:4      | Found Arur's Mayhem Merchandise.
  2844 | D:4      | Reached skill level 7 in Fighting
  3007 | D:4      | Noticed Ijyb
  3018 | D:4      | Noticed a two-headed ogre
  3031 | D:4      | Slain by a two-headed ogre

Illustrated notes

Levels and vault maps discovered:
D:1:      dpeg_arrival_round_a, layout_basic, serial_shops, shop,
          serial_bayou_lagoon_b
D:2:      layout_rooms, ebering_ecumenical_altar_sacrificial, basic_altar,
          minmay_between, uniq_terence
D:3:      layout_basic, led_xom_imps, old_standard_altar,
          chequers_serial_rivers_small_3, uniq_crazy_yiuf_cottage
D:4:      layout_basic, minmay_shop_mayhem, mrwooster_statue_mirror, uniq_ijyb

Skill      XL: |  1  2  3  4  5  6 |
---------------+-------------------+-----
Armour         | 1 |  1.0
Fighting       | 5 6 7 |  7.2
Dodging        | 1 |  1.0
Throwing       | 1 2 |  2.0
Evocations     | 1 2 |  2.0
Long Blades    | |  1.7
Stealth        | |  1.0
Spellcasting   | |  1.0
Summonings     | |  2.0

Action                     |  1- 3 |  4- 6 || total
---------------------------+-------+-------++-------
  Melee: Long sword        |     9 |       ||     9
         Whip              |    65 |   172 ||   237
         Trident           |       |    30 ||    30
         Punch             |       |     2 ||     2
  Throw: Stone             |       |     4 ||     4
   Cast: Summon Small Mamm |     2 |       ||     2
    Use: Scroll            |       |     7 ||     7
         Potion            |       |     1 ||     1
 Armour: Robe              |     6 |       ||     6
         Ring mail         |    29 |       ||    29
         Chain mail        |     1 |   134 ||   135
  Dodge: Dodged            |    47 |    86 ||   133

Table legend: (Time is in decaauts)
 A = Elapsed time spent in this place.
 B = Non-inter-level travel time spent in this place.
 C = Inter-level travel time spent in this place.
 D = Time resting spent in this place.
 E = Time spent auto-exploring this place.
 F = Levels seen in this place.
 G = Mean time per level.
                   A        B        C        D        E       F      G
               +--------+--------+--------+--------+--------+-----+--------+
         Total |   3084 |   2781 |    303 |    206 |   1695 |   4 |  771.0 |
       Dungeon |   3084 |   2781 |    303 |    206 |   1695 |   4 |  771.0 |
               +--------+--------+--------+--------+--------+-----+--------+

Top non-repeatable levels by time:
     D:3: 1261 daAuts
     D:1: 909 daAuts
     D:2: 648 daAuts
     D:4: 265 daAuts
